 Dungeon Crawl Stone Soup version 0.18.1-6-gd335043 (webtiles) character file.

2412 Etesian the Thaumaturge (level 9, -9/45 HPs)
             Began as a Deep Elf Earth Elementalist on May 15, 2016.
             Was a Believer of Sif Muna.
             Mangled by an orc warrior
             ... wielding a +0 war axe
              (23 damage)
             ... on level 7 of the Dungeon on May 16, 2016.
             The game lasted 00:36:20 (8798 turns).

Etesian the Thaumaturge (DEEE)                      Turns: 8798, Time: 00:36:20

Health: -9/45      AC:  4    Str:  5    XL:     9   Next: 23%
Magic:  8/24       EV: 15    Int: 27    God:    Sif Muna [**....]
Gold:   392        SH:  0    Dex: 15    Spells: 6 memorised, 5 levels left

rFire  + . .     SeeInvis .     a - +2 dagger (venom)
rCold  . . .     Gourm    .     t - +0 robe
rNeg   . . .     Faith    .     (no shield)
rPois  .         Spirit   .     I - +0 hat {Int+3}
rElec  .         Dismiss  .     o - +1 cloak
rCorr  .         Reflect  .     (no gloves)
SustAt .         Harm     .     (no boots)
MR     .....                    (no amulet)
Stlth  ++........               n - ring of wizardry
                                i - ring of protection from fire

@: not resistant to hostile enchantments, unstealthy
A: no striking features
a: Channel Energy, Renounce Religion


You were on level 7 of the Dungeon.
You worshipped Sif Muna.
Sif Muna was pleased with you.
You were hungry.

You visited 2 branches of the dungeon, and saw 9 of its levels.

You collected 392 gold pieces.

Inventory:

Hand Weapons
 a - a +2 dagger of venom (weapon)
Missiles
 L - 229 stones (quivered)
Armour
 o - a +1 cloak (worn)
 t - a +0 robe (worn)
 G - a cursed +0 buckler
 I - a +0 hat of intelligence (worn)
Magical Staves
 b - an uncursed staff of wizardry
Jewellery
 i - a ring of protection from fire (left hand)
 n - a ring of wizardry (right hand)
 y - an uncursed ring of protection from fire
 K - an uncursed ring of resist corrosion {unknown}
Wands
 p - a wand of disintegration (21/24)
Scrolls
 e - 2 scrolls of enchant armour
 r - 3 scrolls of remove curse
 J - a scroll of identify
Potions
 f - 2 potions of might
 g - a potion of cure mutation
 h - a potion of cancellation
 j - 2 potions of curing
 k - 5 potions of flight
 l - 2 potions of invisibility
 q - 2 potions of magic {unknown}
 s - 3 potions of resistance
 v - 5 potions of heal wounds
 w - a potion of ambrosia {unknown}
 z - a potion of agility {unknown}
 A - a potion of lignification {unknown}
Books
 c - a book of Geomancy

   Spells                             Type                      Level
   a - Sandblast                      Earth                        1
   b - Passwall                       Transmutation/Earth          2
   c - Stone Arrow                    Conjuration/Earth            3
   d - Petrify                        Transmutation/Earth          4
   e - Lee's Rapid Deconstruction     Earth                        5
 u - a book of Alchemy

   Spells                             Type                      Level
   a - Sublimation of Blood           Necromancy                   2
   b - Ignite Poison                  Fire/Transmutation/Poison    3
   c - Petrify                        Transmutation/Earth          4
   d - Alistair's Intoxication        Transmutation/Poison         5
   e - Irradiate                      Conjuration/Transmutation    5
 D - a book of Power

   Spells                             Type                      Level
   a - Fulminant Prism                Conjuration/Hexes            4
   b - Iskenderun's Mystic Blast      Conjuration                  4
   c - Venom Bolt                     Conjuration/Poison           5
   d - Bolt of Magma                  Conjuration/Fire/Earth       5
   e - Iron Shot                      Conjuration/Earth            6
   f - Orb of Destruction             Conjuration                  7
   g - Spellforged Servitor           Conjuration/Summoning        7
 F - a Necronomicon

   Spells                             Type                      Level
   a - Haunt                          Necromancy/Summoning         7
   b - Borgnjor's Revivification      Necromancy                   8
   c - Death's Door                   Charms/Necromancy            8
   d - Necromutation                  Transmutation/Necromancy     8
Comestibles
 d - 4 bread rations
 m - 6 slices of pizza
 x - 10 fruits
 B - 2 beef jerkies
 C - 5 chunks of flesh
 E - 2 meat rations


   Skills:
 + Level 5.8 Dodging
 - Level 2.4 Stealth
 + Level 9.9 Spellcasting
 * Level 5.8 Conjurations
 + Level 3.7 Necromancy
   Level 1.1 Transmutations
 * Level 7.7 Earth Magic


You had 5 spell levels left.
You knew the following spells:

 Your Spells              Type           Power        Failure   Level  Hunger
a - Sandblast             Erth           ######       1%          1    None
b - Stone Arrow           Conj/Erth      ######       1%          3    None
c - Iron Shot             Conj/Erth      ######....   21%         6    #####..
e - Lee's Rapid Deconstr  Erth           ######....   2%          5    ####...
g - Bolt of Magma         Conj/Fire/Erth #####.....   9%          5    ####...
m - Sublimation of Blood  Necr           ####......   1%          2    None


Dungeon Overview and Level Annotations

Branches:
Dungeon (8/15)             Temple (1/1) D:4            Lair (0/8) D:8

Altars:
Ashenzari
Cheibriados
Elyvilon
Fedhas
Gozag
Kikubaaqudgha
Makhleb
Nemelex Xobeh
Okawaru
Pakellas
Qazlal
Ru
Sif Muna
Trog
Vehumet
Yredelemnul
Zin
The Shining One


Message History

Reactivating autopickup.
The sky beast flickers out of sight!
Deactivating autopickup; reactivate with Ctrl-A.
There is an open door here.
A sky beast appears from thin air!
Reactivating autopickup.
There is a stone staircase leading up here.
You hit the orc warrior but do no damage.
The orc warrior is poisoned.
The orc warrior is severely wounded.
The orc warrior closely misses you.
The orc warrior hits you with a war axe!!
* * * LOW HITPOINT WARNING * * *
You climb upwards.
There is a stone staircase leading down here.
You take 17 damage, and have 13/45 hp.
MASSIVE DAMAGE!!
The orc warrior looks more healthy.
The orc warrior hits you with a war axe!!
Ouch! That really hurt!
You die...

#..# #.#
###########..#
#.#
#............####
#.#
#.#########>....#
###.### #.#
#####.# #.....#
#.# #.# ###.###.#
#.# #.# #...# #.#
#.# #o#######
#.#.###.# #.#
#.@.....#
#.#.....# #.#
#######.#
#.####### #.# #.#
#.# ..# #.# #.#
### ########.#
#[#
#........###.#
#............#
#.############
#.#


You could see an orc warrior.

Vanquished Creatures
  A komodo dragon (D:8)
  Edmund (D:4)
  An orc warrior (D:8)
  3 ogres
  2 centaurs
  A phantom (D:7)
  The ghost of smzp the Digger, an amateur FoEE (D:3)
  A howler monkey (D:5)
  A crimson imp (D:6)
  A giant frog zombie (D:5)
  4 hounds
  6 orc priests
  A centaur skeleton (D:4)
  A gnoll shaman (D:7)
  10 orc wizards
  An iguana (D:4)
  Jessica (D:2)
  Ijyb (D:3)
  4 worker ants (D:4)
  A hound zombie (D:5)
  12 gnolls
  13 adders
  A howler monkey skeleton (D:7)
  3 shadow imps
  An adder zombie (D:6)
  A dart slug (D:2)
  2 giant geckos
  43 orcs
  A ball python (D:1)
  6 bats
  5 giant cockroaches
  11 goblins
  11 hobgoblins
  5 jackals
  14 kobolds
  5 quokkas
  5 giant newts
  A quokka skeleton (D:7)
  6 rats
  5 butterflies
194 creatures vanquished.

Vanquished Creatures (others)
  2 plants (D:8)
2 creatures vanquished.

Grand Total: 196 creatures vanquished

Notes
Turn   | Place    | Note
--------------------------------------------------------------
     0 | D:1      | Etesian the Deep Elf Earth Elementalist began the quest for the Orb.
     0 | D:1      | Reached XP level 1. HP: 10/10 MP: 6/6
   306 | D:1      | Reached XP level 2. HP: 15/15 MP: 6/8
   783 | D:2      | Noticed Jessica
   786 | D:2      | Killed Jessica
   786 | D:2      | Reached XP level 3. HP: 19/19 MP: 5/9
   794 | D:2      | Learned a level 3 spell: Stone Arrow
   820 | D:2      | Found a sacrificial altar of Ru.
  1023 | D:2      | Found a snail-covered altar of Cheibriados.
  1211 | D:2      | Reached XP level 4. HP: 24/24 MP: 8/10
  1298 | D:2      | Reached skill level 5 in Earth Magic
  1382 | D:2      | Learned a level 2 spell: Sublimation of Blood
  1785 | D:3      | Noticed smzp's ghost (amateur FoEE)
  1791 | D:3      | Killed smzp's ghost
  1791 | D:3      | Reached skill level 1 in Conjurations
  1791 | D:3      | Reached XP level 5. HP: 16/28 MP: 6/12
  2045 | D:3      | Reached skill level 4 in Spellcasting
  2129 | D:3      | Reached skill level 5 in Spellcasting
  2215 | D:3      | Learned a level 5 spell: Lee's Rapid Deconstruction
  2238 | D:3      | Reached XP level 6. HP: 19/32 MP: 8/16
  2738 | D:3      | Reached skill level 6 in Spellcasting
  2876 | D:3      | Found an ancient bone altar of Kikubaaqudgha.
  3041 | D:3      | Noticed Ijyb
  3044 | D:3      | Killed Ijyb
  3054 | D:3      | Reached skill level 7 in Spellcasting
  3538 | D:4      | Noticed Edmund
  3648 | D:4      | Killed Edmund
  3648 | D:4      | Reached skill level 8 in Spellcasting
  3648 | D:4      | Reached XP level 7. HP: 32/36 MP: 8/20
  3855 | D:4      | Found a staircase to the Ecumenical Temple.
  3862 | Temple   | Entered the Ecumenical Temple
  4124 | Temple   | Became a worshipper of Sif Muna the Loreminder
  4333 | D:4      | Reached skill level 9 in Spellcasting
  4855 | D:5      | Entered Level 5 of the Dungeon
  5462 | D:5      | Reached skill level 1 in Necromancy
  5508 | D:5      | Reached XP level 8. HP: 41/41 MP: 16/23
  5948 | D:6      | Found a sparkling altar of Nemelex Xobeh.
  6370 | D:6      | Reached * piety under Sif Muna
  6925 | D:7      | Reached skill level 5 in Dodging
  6992 | D:7      | Found a glowing silver altar of Zin.
  6996 | D:7      | Found a white marble altar of Elyvilon.
  7829 | D:8      | Found a sacrificial altar of Ru.
  7839 | D:8      | Found a staircase to the Lair.
  7840 | D:8      | Noticed a komodo dragon
  7875 | D:8      | Killed a komodo dragon
  7875 | D:8      | Reached ** piety under Sif Muna
  7875 | D:8      | Reached skill level 5 in Conjurations
  7875 | D:8      | Reached XP level 9. HP: 45/45 MP: 11/24
  7882 | D:8      | Learned a level 5 spell: Bolt of Magma
  8466 | D:8      | Identified a scroll of acquirement
  8477 | D:8      | Learned a level 6 spell: Iron Shot
  8718 | D:8      | Noticed a troll
  8798 | D:7      | Mangled by an orc warrior

Skill      XL: |  1  2  3  4  5  6  7  8 |
---------------+-------------------------+-----
Earth Magic    | 4 5 7 |  7.7
Dodging        | 3 4 5 |  5.8
Conjurations   | 1 2 3 5 |  5.8
Spellcasting   | 5 8 9 |  9.9
Necromancy     | 1 3 |  3.7
Stealth        | |  2.4
Transmutations | |  1.1

Action                   |  1- 3 |  4- 6 |  7- 9 || total
-------------------------+-------+-------+-------++-------
Melee: Unarmed           |    11 |       |       ||    11
       Whip              |       |    44 |       ||    44
       Short sword       |       |    29 |    63 ||    92
       Flail             |       |       |    51 ||    51
       Dagger            |       |       |     7 ||     7
 Cast: Sandblast         |    46 |    72 |    70 ||   188
       Stone Arrow       |       |    27 |    97 ||   124
       Lee's Rapid Decon |       |       |     6 ||     6
       Iron Shot         |       |       |     1 ||     1
Evoke: Wand              |       |       |     1 ||     1
  Use: Scroll            |     1 |     8 |    13 ||    22
 Stab: Sleeping          |     5 |     8 |     3 ||    16
  Eat: Chunk             |     1 |     8 |    16 ||    25
Armor: Robe              |     8 |    26 |    38 ||    72
Dodge: Dodged            |    20 |    78 |   135 ||   233
